 Dungeon Crawl Stone Soup version 0.26.1-11-gd32895ea62 (webtiles) character file.

Game seed: 6655486558032228269

289 Zeld the Skirmisher (level 6, -2/42 HPs)
             Began as an Octopode Monk on May 18, 2021.
             Slain by an ogre
             ... wielding a +0 giant club
              (18 damage)
             ... on level 5 of the Dungeon.
             The game lasted 00:04:09 (5098 turns).

Zeld the Skirmisher (Octopode Monk)                 Turns: 5098, Time: 00:04:09

Health: -2/42      AC:  1    Str: 12    XL:     6   Next: 31%
Magic:  11/11      EV: 15    Int: 12    God:
Gold:   348        SH:  0    Dex: 15    Spells: 12/12 levels left

rFire    . . .     SeeInvis .   l - +0 whip
rCold    . . .     Faith    .   (no shield)
rNeg     . . .     Spirit   .   (helmet restricted)
rPois    .         Reflect  .   (no amulet)
rElec    .         Harm     .   (no ring)
rCorr    .         Rampage  .   (no ring)
Will     .....                  (no ring)
Stlth    +++.......             (no ring)
HPRegen  0.14/turn              (no ring)
MPRegen  0.12/turn              (no ring)
                                (no ring)
                                (no ring)

@: no status effects
A: almost no armour, stealthy swim, amphibious, 8 rings, constrict 8, camouflage
1, gelatinous body 1
a: no special abilities


You were on level 5 of the Dungeon.
You visited 1 branch of the dungeon, and saw 5 of its levels.

You collected 348 gold pieces.

Inventory:

Hand Weapons
 l - a +0 whip (weapon)
Missiles
 n - 3 silver javelins (quivered)
Jewellery
 r - an uncursed ring of positive energy {unknown}
 u - an uncursed amulet of magic regeneration {unknown}
Wands
 s - a wand of iceblast (2)
Scrolls
 a - 2 scrolls of teleportation {unknown}
 b - 3 scrolls of blinking {unknown}
 d - 3 scrolls of remove curse {unknown}
 g - a scroll of immolation {unknown}
 j - 2 scrolls of identify {unknown}
 o - a scroll of magic mapping {unknown}
 p - a scroll of enchant weapon {unknown}
 t - 2 scrolls of noise {unknown}
Potions
 c - 2 potions of mutation {unknown}
 e - 3 potions of curing {unknown}
 f - 3 potions of attraction {unknown}
 h - 3 potions of flight {unknown}
 i - 2 potions of haste {unknown}
 k - a potion of cancellation {unknown}
 m - 3 potions of might {unknown}
 q - 2 potions of ambrosia {unknown}


   Skills:
 - Level 3.5 Fighting
 * Level 3.4 Throwing
 - Level 3.5 Dodging
 - Level 2.6 Stealth
 - Level 3.0 Unarmed Combat
 * Level 3.5 Spellcasting


You had 12 spell levels left.
You didn't know any spells.
Your spell library was empty.

Dungeon Overview and Level Annotations

Branches:
Dungeon (5/15)
 Temple: D:4-7

Altars:
Dithmenos
Kikubaaqudgha
Qazlal


Innate Abilities, Weirdness & Mutations

You cannot wear most types of armour.
You are very stealthy in the water. (Stealth+)
You are amphibious.
You can wear up to eight rings at the same time.
You can use your tentacles to constrict eight enemies at once.
Your skin changes colour to match your surroundings (Stealth+).
Your rubbery body absorbs attacks. (AC +1, EV +1)


Message History

You hit the ogre. Your squeeze misses the ogre.
The ogre is lightly wounded.
The ogre closely misses you.
You hit the ogre.
The ogre is lightly wounded.
The ogre closely misses you.
You hit the ogre but do no damage.
The ogre is lightly wounded.
You hit the ogre but do no damage. You squeeze the ogre!
The ogre is heavily wounded.
The ogre hits you with a +0 giant club!!
You hit the ogre.
The ogre is heavily wounded.
The ogre hits you with a +0 giant club!
You are too injured to fight recklessly!
You are too injured to fight recklessly!
You are too injured to fight recklessly!
You are too injured to fight recklessly!
The ogre hits you with a +0 giant club!!
You die...

... .... .#...
..#... ... .#
...##J##... .
###.#...#.## ..#
#[....!....?# #.
..(.###.#...#.###...
#.?...##.##..(...
...#.#...O.....#.#
#....@#.#.[...
###.#.#?#.#.#
#...###...#
###......#
##?#...##.#
#......#.#
#....#.#.#
######.#.# #.#.#


You could see an ogre.

Vanquished Creatures
  An ogre (D:4)
  A jelly (D:5)
  3 worker ants
  4 adders
  2 worms
  2 dart slugs
  A leopard gecko (D:3)
  3 orcs (D:3)
  4 giant cockroaches
  5 goblins
  7 hobgoblins
  3 kobolds (D:2)
  2 quokkas
  3 ball pythons
  6 bats
  A frilled lizard (D:4)
  6 rats
54 creatures vanquished.

Vanquished Creatures (others)
  A human (D:3)
  2 plants (D:3)
3 creatures vanquished.

Grand Total: 57 creatures vanquished

Notes
Turn   | Place    | Note
-------+----------+-------------------------------------------
     0 | D:1      | Zeld the Octopode Monk began the quest for the Orb.
     0 | D:1      | Reached XP level 1. HP: 16/16 MP: 1/1
   347 | D:1      | Reached XP level 2. HP: 21/21 MP: 2/2
  1144 | D:2      | Reached skill level 1 in Spellcasting
  1573 | D:2      | Reached XP level 3. HP: 26/26 MP: 4/4
  1975 | D:3      | Reached skill level 1 in Throwing
  1975 | D:3      | Reached XP level 4. HP: 22/31 MP: 6/6
  2624 | D:3      | Found an ancient bone altar of Kikubaaqudgha.
  2625 | D:3      | Noticed a human
  2627 | D:3      | Killed a human
  2637 | D:3      | Found a shadowy altar of Dithmenos.
  3117 | D:4      | Noticed an ogre
  3497 | D:4      | Found a stormy altar of Qazlal.
  3848 | D:4      | Reached XP level 5. HP: 28/36 MP: 8/8
  4152 | D:4      | Killed an ogre
  4273 | D:5      | Entered Level 5 of the Dungeon
  4393 | D:5      | Reached XP level 6. HP: 30/42 MP: 10/10
  5098 | D:5      | Slain by an ogre

Illustrated notes

Levels and vault maps discovered:
D:1:      minmay_arrival_solitary_statue, layout_basic,
          chequers_decorated_corner, hangedman_decor_clover_reticule
D:2:      layout_basic
D:3:      corexii_shack_village, layout_loops_cross,
          grunt_dithmenos_smoke_and_mirrors, serial_forest,
          infiniplex_forest_lined_corner, infiniplex_forest_straight_3,
          infiniplex_forest_lined_corner, infiniplex_forest_side_room,
          infiniplex_forest_straight_1, infiniplex_forest_end_3,
          infiniplex_forest_corner_1, infiniplex_forest_lined_2,
          infiniplex_forest_clump_small, tgw_kikubaaqudgha
D:4:      layout_loops_cross, grunt_qazlal_sundering
D:5:      layout_basic, minmay_fractal_squares_5

Skill      XL: |  1  2  3  4  5 |
---------------+----------------+-----
Spellcasting   | 1 2 3 |  3.5
Throwing       | 1 2 3 |  3.4
Fighting       | |  3.5
Dodging        | |  3.5
Stealth        | |  2.6
Unarmed Combat | |  3.0

Action                   |  1- 3 |  4- 6 || total
-------------------------+-------+-------++-------
Melee: Unarmed           |    42 |       ||    42
       Constrict         |    15 |    22 ||    37
       Tentacles         |    10 |    18 ||    28
       Whip              |     9 |    77 ||    86
       Punch             |       |     2 ||     2
Throw: Javelin           |       |     4 ||     4
 Stab: Sleeping          |    14 |     6 ||    20
Armor: Skin              |     1 |     2 ||     3
Dodge: Dodged            |    31 |    40 ||    71
